Map: World of Sleepers LE

Players

MaNa

  • Race: Protoss Protoss
  • Spawn Location: 1:00

Lambo - Winner!

  • Race: Zerg Zerg
  • Spawn Location: 7:00

VOD

Have the link to the VOD?

Description

Time

  • Played on: Sept. 6, 2019, 9:41 p.m.
  • Length: 11:46
Show
View Real Time Build Order
Export as new Build Order

MaNa Protoss 

Build Orders: 1 Gate Expand, Archon Immortal 

Get SALT Encoding   

  12  0:00  Probe  
  13  0:14  Probe  
  13  0:16  Pylon  
  14  0:22  Probe  
  15  0:32  Probe  
  16  0:42  Gateway  
  16  0:44  Probe  
  17  0:50  Assimilator  
  17  0:55  Probe  
  18  1:03  Probe  
  19  1:11  Probe  
  20  1:27  Nexus  
  20  1:36  Cybernetics Core  
  20  1:39  Probe  
  21  1:44  Assimilator  
  21  1:51  Probe  
  22  1:54  Pylon  
  22  2:02  Adept  
  22  2:03  Probe  
  26  2:15  Probe  
  26  2:17  Robotics Facility  
  26  2:23  Warp Gate  
  26  2:27  Probe  
  27  2:32  Stalker  
  29  2:39  Probe  
  29  2:41  Probe  
  30  2:52  Probe  
  30  2:53  Probe  
  30  2:56  Warp Prism  
  32  3:03  Sentry  
  32  3:04  Probe  
  32  3:05  Probe  
  38  3:16  Probe  
  38  3:17  Probe  
  38  3:18  Pylon  
  40  3:24  Forge  
  40  3:28  Probe  
  40  3:29  Probe  
  40  3:32  Observer  
  43  3:35  Gateway  
  43  3:40  Probe  
  44  3:44  Assimilator  
  44  3:48  Immortal  
  44  3:49  Probe  
  44  3:51  Pylon  
  44  3:52  Probe, Protoss Ground Weapons Level 1  
  50  4:04  Probe  
  50  4:05  Probe  
  52  4:12  Adept  
  52  4:15  Pylon  
  52  4:17  Probe x2  
  56  4:25  Immortal  
  60  4:34  Sentry x2  
  60  4:37  Probe x2  
  66  4:47  Gateway  
  66  5:00  Sentry x2  
  66  5:05  Nexus  
  66  5:06  Pylon  
  70  5:09  Pylon  
  70  5:13  Gateway  
  70  5:22  Probe  
  70  5:24  Probe  
  70  5:25  Zealot  
  70  5:26  Zealot  
  70  5:27  Twilight Council  
  75  5:31  Assimilator  
  75  5:34  Probe  
  76  5:36  Probe  
  77  5:44  Immortal  
  77  5:46  Probe, Protoss Ground Weapons Level 2  
  77  5:48  Probe, Stalker  
  85  5:51  Charge  
  85  5:55  Pylon  
  85  5:57  Pylon  
  85  5:59  Probe  
  86  6:13  Probe x2  
  88  6:19  Gateway  
  88  6:22  Gateway  
  88  6:23  Probe  
  88  6:24  Immortal  
  88  6:25  Probe x2  
  95  6:35  Probe  
  95  6:39  Templar Archives, Gateway  
  96  6:42  Gateway  
  96  6:44  Probe x2  
  98  6:52  Zealot x3  
  98  6:53  Zealot  
  106  6:55  Probe  
  106  6:56  Probe  
  108  7:01  Photon Cannon  
  108  7:04  Probe, Assimilator x2  
  109  7:09  Immortal  
  113  7:23  Zealot x2  
  115  7:36  Probe  
  106  7:41  Stargate  
  106  7:43  Photon Cannon  
  106  7:56  Pylon  
  106  8:00  Pylon  
  106  8:02  High Templar x4  
  106  8:03  Zealot  
  114  8:07  Zealot, Archon x2  
  114  8:09  Probe  
  114  8:10  Protoss Ground Weapons Level 3  
  114  8:11  Probe x2  
  117  8:17  Zealot x2, Phoenix  
  117  8:18  Zealot  
  123  8:21  Probe  
  123  8:22  Gateway  
  123  8:23  Probe x2  
  123  8:24  Gateway  
  123  8:26  Pylon  
  128  8:29  Photon Cannon  
  128  8:33  Psionic Storm, Probe  
  129  8:34  Shield Battery  
  129  8:44  Nexus  
  129  8:45  Zealot x3  
  129  8:46  Zealot x3  
  140  9:08  Pylon  
  140  9:10  Pylon  
  140  9:12  Pylon  
  140  9:14  Pylon  
  140  9:15  Pylon  
  122  9:21  Zealot x7  
  122  9:22  Immortal  
  136  9:25  High Templar x2  
  136  9:27  High Templar  
  104  9:53  High Templar x2  
  104  9:54  Zealot x3  
  104  9:55  Zealot x2  
  104  9:56  Immortal  
  116  10:05  Sentry  
  116  10:06  Zealot x2  
  108  10:17  Zealot x5  
  112  10:33  Nexus  
  108  10:41  Archon  
  82  10:51  Zealot, High Templar x2  
  82  10:52  Zealot x5  
  93  11:02  Warp Prism  
  94  11:15  Zealot x2, High Templar x2  
  94  11:16  Zealot  
  94  11:17  Zealot x2  
  104  11:23  Archon  
  102  11:31  Zealot  
  84  11:34  Archon  
  84  11:39  Zealot x2  
Show
View Real Time Build Order
Export as new Build Order

Lambo Zerg - Winner!

Build Orders: Hatch First, Muta Ling Bane 

Get SALT Encoding   

  12  0:00  Drone  
  13  0:12  Overlord  
  13  0:17  Drone  
  14  0:30  Drone x2  
  16  0:47  Hatchery  
  15  0:50  Drone  
  15  0:54  Drone  
  17  0:57  Drone  
  18  1:08  Extractor  
  17  1:13  Spawning Pool  
  17  1:16  Drone  
  17  1:20  Drone  
  18  1:27  Drone  
  19  1:40  Drone  
  20  1:54  Overlord  
  20  1:59  Queen x2  
  20  2:00  Zergling x4  
  26  2:11  Drone x2  
  28  2:20  Drone  
  28  2:22  Drone  
  30  2:31  Drone  
  30  2:34  Hatchery  
  30  2:35  Pneumatized Carapace  
  30  2:43  Drone x2  
  32  2:45  Overlord  
  32  2:52  Queen  
  32  2:54  Drone  
  32  2:57  Drone  
  36  3:06  Metabolic Boost  
  36  3:07  Drone x2  
  36  3:11  Drone  
  36  3:12  Drone x2  
  41  3:15  Overlord  
  41  3:18  Drone  
  42  3:28  Drone  
  42  3:31  Extractor, Queen  
  44  3:34  Drone  
  44  3:37  Overlord  
  46  3:43  Drone  
  46  3:47  Zergling x4  
  49  3:50  Zergling x2  
  50  3:56  Roach Warren  
  50  3:57  Drone x2, Extractor  
  50  3:58  Extractor  
  50  4:00  Drone x4  
  53  4:08  Drone  
  57  4:10  Drone  
  57  4:11  Drone  
  57  4:13  Overlord  
  57  4:14  Drone x2  
  58  4:26  Spore Crawler, Extractor  
  58  4:27  Drone x4  
  60  4:32  Overlord  
  60  4:33  Overlord  
  60  4:37  Overlord  
  62  4:39  Drone x2  
  62  4:40  Drone x2  
  62  4:44  Roach x4  
  74  4:45  Overlord  
  74  4:51  Overlord  
  74  4:53  Roach  
  74  4:56  Overlord  
  74  4:57  Drone  
  77  5:00  Overlord  
  77  5:01  Evolution Chamber  
  77  5:06  Drone  
  77  5:07  Drone  
  78  5:08  Lair  
  78  5:09  Roach x2  
  78  5:11  Drone x2  
  78  5:12  Drone  
  78  5:14  Extractor  
  84  5:15  Extractor  
  84  5:16  Drone x3  
  84  5:20  Drone  
  87  5:22  Drone x2  
  87  5:24  Roach  
  87  5:25  Roach  
  92  5:30  Ravager x2  
  92  5:31  Zerg Missile Weapons Level 1, Roach  
  92  5:34  Ravager x2  
  98  5:41  Zergling x16  
  107  5:43  Ravager  
  107  5:46  Zergling x2  
  107  5:49  Zergling x2  
  109  5:51  Overlord  
  109  5:54  Zergling x2  
  109  5:55  Zergling x4  
  111  5:57  Zergling x2  
  111  6:02  Roach  
  114  6:06  Glial Reconstitution, Extractor  
  114  6:09  Overlord, Drone  
  114  6:10  Spire  
  113  6:12  Overlord  
  113  6:14  Hatchery  
  113  6:17  Overlord, Drone  
  115  6:18  Roach x2  
  115  6:22  Overseer  
  115  6:24  Drone x2  
  115  6:25  Overlord, Drone  
  119  6:28  Overlord  
  120  6:34  Drone x2  
  120  6:35  Drone  
  120  6:36  Drone  
  120  6:38  Baneling Nest, Roach  
  125  6:41  Roach x2  
  131  6:47  Roach x3  
  131  6:51  Roach x3  
  141  6:55  Overlord  
  141  7:03  Roach x5  
  141  7:08  Queen  
  153  7:09  Roach x2  
  153  7:12  Ravager x4  
  153  7:13  Overlord, Ravager  
  153  7:15  Ravager  
  163  7:16  Zergling x2, Roach  
  163  7:19  Overlord  
  164  7:30  Roach x2  
  167  7:37  Centrifical Hooks  
  167  7:39  Zerg Melee Weapons Level 1  
  167  7:43  Mutalisk  
  169  7:46  Zergling x10  
  174  7:51  Zergling x8  
  174  7:52  Hatchery  
  174  7:56  Zergling x8  
  180  8:05  Zergling x2  
  180  8:06  Zergling x8  
  185  8:15  Overlord  
  185  8:17  Baneling x16  
  185  8:18  Baneling x6  
  185  8:19  Overlord  
  185  8:22  Overlord  
  185  8:27  Overlord  
  185  8:29  Overlord  
  185  8:32  Overlord  
  185  8:34  Baneling x11  
  185  8:36  Roach  
  187  8:41  Baneling x3  
  187  8:47  Roach x4  
  195  8:52  Roach  
  195  8:53  Roach  
  199  9:03  Baneling x9, Overlord  
  196  9:11  Zergling x2  
  196  9:12  Zergling x20  
  196  9:16  Zergling x4  
  192  9:23  Roach x2  
  192  9:26  Roach x2  
  196  9:32  Roach  
  196  9:35  Overlord  
  195  9:39  Overlord  
  195  9:42  Zergling x2, Roach x5  
  193  9:50  Roach x3  
  193  9:51  Overseer  
  193  9:52  Overseer  
  196  9:55  Roach x2  
  200  10:01  Infestation Pit  
  198  10:09  Overlord  
  198  10:11  Zergling x12  
  195  10:16  Drone x2  
  195  10:19  Drone  
  193  10:28  Overseer  
  193  10:29  Drone x5  
  193  10:30  Drone  
  193  10:31  Overlord  
  193  10:33  Unknown  
  189  10:39  Overlord  
  189  10:41  Overseer  
  174  10:43  Zergling x14  
  174  10:45  Roach  
  174  10:46  Roach  
  174  10:47  Roach  
  176  10:57  Ravager  
  176  10:58  Ravager  
  176  10:59  Ravager  
  176  11:00  Ravager x2  
  176  11:01  Zergling x18, Ravager  
  176  11:02  Zergling x10  
  176  11:04  Overseer  
  196  11:07  Spine Crawler  
  196  11:08  Baneling x13  
  196  11:09  Zergling x4  
  197  11:20  Zergling x8  
  197  11:23  Zergling x2  
  199  11:27  Zergling x12  
Tags
 
Add a new tag
Caveats
  • Supply blocks, unpowered buildings, or Contaminate may cause inaccurate times.
  • Supply counts are checked every 10 seconds.